 Dungeon Crawl Stone Soup version 0.30.0-16-gbe6223bb7e (webtiles) character file.

Game seed: 12415636690374576078

1410 dialectric the Ducker (level 8, -6/61 HPs)
             Began as a Demonspawn Cinder Acolyte on May 20, 2023.
             Was a High Priest of Ignis.
             Mangled by an orc warrior
             ... wielding a +0 broad axe
              (10 damage)
             ... in the Ecumenical Temple.
             The game lasted 00:11:21 (6299 turns).

dialectric the Ducker (Demonspawn Cinder Acolyte)   Turns: 6299, Time: 00:11:21

Health: -6/61      AC:  4    Str: 14 (16) XL:     8   Next: 42%
Magic:  9/9        EV: 13    Int: 14 (16) God:    Ignis [*****.]
Gold:   233        SH:  0    Dex:  8 (9)  Spells: 7/9 levels left

rFire   + + .        n - +0 short sword (drain)
rCold   . . .        (no shield)
rNeg    . . .        b - +0 robe
rPois   .            (helmet restricted)
rElec   .            (no cloak)
rCorr   .            (no gloves)
SInv    +            y - +0 pair of boots {Fly}
Will    .....        (no amulet)
Stlth   +            k - ring of see invisible
HPRegen 0.30/turn    E - ring of protection from fire
MPRegen 0.11/turn

%: no passive effects
@: weak-willed, attractive, flying
A: horns 1, rugged brown scales 1, demonic guardian 2, powered by pain 1
a: Renounce Religion, Fiery Armour, Foxfire Swarm, Rising Flame


You were in the Ecumenical Temple.
You worshipped Ignis.
Ignis was extremely pleased with you.
You visited 2 branches of the dungeon, and saw 7 of its levels.

You collected 233 gold pieces.

Inventory:

Hand Weapons
 a - a -1 falchion of flaming
 n - a +0 short sword of draining (weapon)
 C - a +0 scimitar
Missiles
 p - 4 poisoned darts (quivered)
Armour
 b - a +0 robe (worn)
 g - a +0 plate armour
 h - a +0 helmet
 y - a +0 pair of boots of flying (worn)
Jewellery
 k - a ring of see invisible (left hand)
 E - a ring of protection from fire (right hand)
 F - a ring of fire
Wands
 v - a wand of iceblast (2)
 D - a wand of flame (24)
Scrolls
 e - 6 scrolls of identify {unknown}
 f - 2 scrolls of noise
 l - a scroll of vulnerability
 m - a scroll of magic mapping
 o - a scroll of fog
 r - a scroll of blinking {unknown}
 s - a scroll of immolation {unknown}
 t - 2 scrolls of enchant weapon {unknown}
 A - 3 scrolls of teleportation {unknown}
Potions
 c - a potion of lignification {unknown}
 d - a potion of resistance {unknown}
 i - a potion of attraction
 j - a potion of curing {unknown}
 q - a potion of degeneration
 u - a potion of flight
 w - a potion of might {unknown}
 x - 2 potions of heal wounds {unknown}
 z - a potion of berserk rage {unknown}
 B - 2 potions of haste {unknown}


   Skills:
 + Level 3.7 Fighting
 + Level 4.6(5.5) Short Blades
 + Level 4.4(5.4) Long Blades
 - Level 1.2 Throwing
 * Level 1.9 Armour
 - Level 6.0 Dodging
 - Level 1.0 Spellcasting
 - Level 3.0 Fire Magic
 + Level 0.6 Evocations


You had 7 spell levels left.
You knew the following spells:

 Your Spells              Type           Power      Damage    Failure   Level
a - Scorch                Fire           18%        2d6       11%         2

Your spell library contained the following spells:

 Spells                   Type           Power      Damage    Failure   Level
 Necrotise                Necr           0%         1d4       26%         1
 Ozocubu's Armour         Ice            0%         N/A       61%         3
 Vampiric Draining        Necr           0%         2d6       61%         3
 Leda's Liquefaction      Hex/Erth       0%         N/A       95%         4
 Agony                    Necr           0%         N/A       100%        5
 Lee's Rapid Deconstruct  Erth           0%         3d4*      100%        5
 Statue Form              Tmut/Erth      0%         N/A       100%        6
 Ozocubu's Refrigeration  Ice            0%         4d7       100%        7


Dungeon Overview and Level Annotations

Branches:
Dungeon (6/15)             Temple (1/1) D:6

Altars:
Cheibriados
Dithmenos
Kikubaaqudgha
Makhleb
Okawaru
Xom
Yredelemnul

Shops:
D:3 [

Annotations:
D:5 Duvessa, Edmund, Grinder, Pikel, Prince Ribbit, Sigmund


Innate Abilities, Weirdness & Mutations

You have a pair of small horns on your head.
You are partially covered in rugged brown scales. (AC +1, +3% HP)
A demonic guardian rushes to your aid.
You sometimes gain a little power by taking damage.


Message History

Unknown command.
The orc warrior attacks as you move away!
The orc warrior hits you with a +0 broad axe.
Found two altars.
As you read the scroll labelled HIUDACZAYN, it crumbles to dust.
You feel aware of your surroundings.
You sensed 11 altars.
It was a scroll of magic mapping.
The orc warrior misses you.
As you read the scroll labelled RIDUAR SODGHIUN, it crumbles to dust.
You hear a loud clanging noise!
It was a scroll of noise.
The orc warrior is no longer more vulnerable to fire.
The orc warrior hits you with a +0 broad axe!
Unknown command.
As you read the scroll labelled CAGOEWN TEFOEL, it crumbles to dust.
Magic quickly surges around you.
It was a scroll of vulnerability.
The orc warrior hits you with a +0 broad axe!
* * * LOW HITPOINT WARNING * * *
A demonic guardian appears!
You focus on the pain.
You feel your power returning.
Unknown command.
It was a potion of degeneration.
There was something very wrong with that liquid.
You feel weakened.
You feel dopey.
You feel clumsy.
The orc warrior hits you with a +0 broad axe.
* * * LOW HITPOINT WARNING * * *
The orc warrior hits your rust devil but does no damage.
Your rust devil hits the orc warrior.
Your rust devil corrodes the orc warrior!
It was a potion of flight.
You feel more buoyant.
The orc warrior hits you with a +0 broad axe.
* * * LOW HITPOINT WARNING * * *
The orc warrior barely misses your rust devil.
Your rust devil hits the orc warrior.
The orc warrior seems to be corroded for longer.
Unknown command.
It was a potion of attraction.
You feel attractive to monsters.
The orc warrior hits you with a +0 broad axe!
You die...

~~~~~~~,,,,,,,,,,,,,,,,,~~~~~~~~~
~~~~~~,,,_...........ยงยง.,~~~~~~~~
~~~~~,,,................,,~~~~~~~
~~~~,,,,......._........,,,~~~~~~
~~~,,,,,................,,,,~~~~~
~~,,,,_,................_,,,,~~~~
~,,,,,,,................,,,,,,~~~
,,,,,,,,..._......._....,,,,,,,~~
,,,,,,,,........@.......,,,,,,,,~
,_,,,,,,.......o........,,,,,_,,,
,,,,,,,,.......4........,,,,,,,,,
,,,,,,,,._..........._..,,,,,,,,,
,,,,,,,,................,,,,,,,,,
,,,,,,,,......._........,,,,,,,,,
,,,,,,,,................,,,,,,,,,
,,,_,,,,................,,,_,,,,,
,,,,,,,,...............,,,,,,,,,,


You could see an orc warrior (weak-willed, corroded, ally target) and a friendly
rust devil (summoned).

Vanquished Creatures
  Menkaure (D:4)
  A sky beast (D:6)
  An ogre (D:4)
  3 bullfrogs
  3 scorpions (D:4)
  Dowan (D:5)
  A vampire bat (D:4)
  2 jellies (D:6)
  2 hounds
  An orc priest (D:5)
  2 iguanas (D:4)
  3 gnolls (D:3)
  8 adders
  An ufetubus (D:6)
  3 worms
  4 dart slugs (D:1)
  3 fire bats (D:4)
  13 orcs
  2 spectral bats (D:4)
  14 bats
  3 bat skeletons (D:4)
  A bat zombie (D:4)
  7 endoplasms
  5 giant cockroaches
  6 goblins
  10 hobgoblins
  7 jackals (D:2)
  6 quokkas
  10 ball pythons
  A bat simulacrum (D:4)
  5 frilled lizards
  12 kobolds
  3 rats
145 creatures vanquished.

Vanquished Creatures (collateral kills)
  An ogre (D:4)
  A hound (D:5)
  An adder (D:5)
  A goblin (D:4)
  A quokka (D:4)
5 creatures vanquished.

Grand Total: 150 creatures vanquished

Notes
Turn   | Place    | Note
-------+----------+-------------------------------------------
     0 | D:1      | dialectric the Demonspawn Cinder Acolyte began the quest
                  | for the Orb.
     0 | D:1      | Reached XP level 1. HP: 18/18 MP: 2/2
   145 | D:1      | Gained mutation: You have a pair of small horns on your
                  | head. [demonic ancestry]
   145 | D:1      | Reached XP level 2. HP: 21/24 MP: 3/3
   292 | D:1      | Found a faded altar of an unknown god.
   579 | D:1      | Gained mutation: You are partially covered in rugged brown
                  | scales. (AC +1, +3% HP) [demonic ancestry]
   579 | D:1      | Reached XP level 3. HP: 15/29 MP: 4/4
  1025 | D:1      | Reached skill level 1 in Dodging
  1193 | D:2      | Learned a level 2 spell: Scorch
  1427 | D:2      | Reached XP level 4. HP: 29/36 MP: 2/5
  2275 | D:3      | Found Asora's Armour Shop.
  2321 | D:3      | Reached skill level 2 in Dodging
  2628 | D:3      | Gained mutation: A weak demonic guardian rushes to your
                  | aid. [demonic ancestry]
  2628 | D:3      | Reached XP level 5. HP: 17/42 MP: 3/6
  3435 | D:4      | Reached skill level 1 in Short Blades
  3435 | D:4      | Reached skill level 3 in Dodging
  3441 | D:4      | Reached XP level 6. HP: 43/48 MP: 7/7
  3496 | D:4      | Noticed Menkaure
  3509 | D:4      | Killed Menkaure
  3552 | D:4      | Reached skill level 4 in Dodging
  3789 | D:4      | Gained mutation: You sometimes gain a little power by
                  | taking damage. [demonic ancestry]
  3789 | D:4      | Reached XP level 7. HP: 51/53 MP: 5/8
  4437 | D:4      | Reached skill level 1 in Throwing
  4437 | D:4      | Reached skill level 5 in Dodging
  4879 | D:5      | Entered Level 5 of the Dungeon
  4957 | D:5      | Noticed Dowan
  4957 | D:5      | Noticed Duvessa
  4965 | D:5      | Killed Dowan
  4965 | D:5      | Noticed Grinder
  4966 | D:5      | Gained mutation: A demonic guardian rushes to your aid.
                  | [demonic ancestry]
  4966 | D:5      | Reached XP level 8. HP: 49/59 MP: 9/9
  5256 | D:5      | Reached skill level 6 in Dodging
  5401 | D:5      | Noticed Pikel
  5403 | D:5      | Noticed Sigmund
  5404 | D:5      | Noticed Edmund
  5526 | D:5      | Noticed Prince Ribbit
  5589 | D:6      | Reached skill level 1 in Armour
  5715 | D:6      | Found a staircase to the Ecumenical Temple.
  6291 | Temple   | Entered the Ecumenical Temple
  6299 | Temple   | Mangled by an orc warrior

Illustrated notes

Levels and vault maps discovered:
D:1:      shiori_arrival_maze, layout_basic,
          chequers_ecumenical_altar_simple_redux
D:2:      layout_basic, minmay_heptomino_w4
D:3:      layout_basic, serial_shops, nicolae_shop_hallway_stairs
D:4:      minmay_spotlight, layout_basic, goddamned_bats, uniq_menkaure
D:5:      layout_basic, mainiacjoe_overflow_tiny_flanked, serial_shops,
          kennysheep_little_box, uniq_duvessa, uniq_pikel, uniq_grinder,
          uniq_edmund, uniq_prince_ribbit1, uniq_sigmund
D:6:      layout_basic, minmay_temple_entry_glass
Temple:   compressed_dpeg_triangle_lava_temple

Skill      XL: |  1  2  3  4  5  6  7  8 |
---------------+-------------------------+-----
Long Blades    | 3 4 |  4.4
Dodging        | 1 2 3 4 5 6 |  6.0
Short Blades   | 1 2 3 4 |  4.6
Throwing       | 1 |  1.2
Fire Magic     | 3 |  3.0
Armour         | 1 |  1.9
Fighting       | |  3.7
Spellcasting   | |  1.0
Evocations     | |  0.6

Action                     |  1- 3 |  4- 6 |  7- 9 || total
---------------------------+-------+-------+-------++-------
  Melee: Falchion          |   126 |    17 |       ||   143
         Headbutt          |    15 |    35 |    38 ||    88
         Short sword       |       |   159 |   238 ||   397
         Punch             |       |     1 |     3 ||     4
  Throw: Dart              |       |    10 |    29 ||    39
   Cast: Scorch            |     3 |    22 |    19 ||    44
  Evoke: Wand              |       |       |     3 ||     3
    Use: Scroll            |       |       |     4 ||     4
         Potion            |       |       |     3 ||     3
   Stab: Sleeping          |     1 |       |       ||     1
 Armour: Robe              |    37 |    32 |   101 ||   170
  Dodge: Dodged            |    80 |   116 |   204 ||   400
